 Dungeon Crawl Stone Soup version 0.30.0-5-g1a98f26d00 (webtiles) character file.

Game seed: 8661143527916294465

1110 SnakkuSnakku7 the Martial Artist (level 8, -3/60 HPs)
             Began as a Vampire Hedge Wizard on May 12, 2023.
             Slain by Menkaure (17 damage)
             ... on level 6 of the Dungeon.
             The game lasted 00:07:06 (3715 turns).

SnakkuSnakku7 the Martial Artist (VpHW)             Turns: 3715, Time: 00:07:06

Health: -3/60      AC:  9    Str: 17    XL:     8   Next: 11%
Magic:  12/12      EV: 11    Int: 17    God:
Gold:   21         SH:  0    Dex: 19    Spells: 12/13 levels left

rFire   . .          .
                       - Unarmed
rCold   . . .        (no shield)
rNeg    . . .        e - +0 ring mail
rPois   .            c - +0 hat
rElec   .            D - +1 cloak
rCorr   .            A - +0 pair of gloves
SInv    +            q - +0 pair of boots
Will    .....        (no amulet)
Stlth   ++           i - +6 ring of dexterity
HPRegen 0.50/turn    u - +6 ring of strength
MPRegen 0.13/turn

%: no passive effects
@: healing quickly
A: alive, fangs 3, see invisible, vampiric 2
a: Exsanguinate


You were on level 6 of the Dungeon.
You visited 2 branches of the dungeon, and saw 7 of its levels.

You collected 178 gold pieces.
You spent 157 gold pieces at shops.

Inventory:

Hand Weapons
 a - a +0 dagger
Missiles
 H - 9 poisoned darts
Armour
 b - a +0 robe
 c - a +0 hat (worn)
 e - a +0 ring mail (worn)
 q - a +0 pair of boots (worn)
 A - a +0 pair of gloves (worn)
 D - a +1 cloak (worn)
Jewellery
 i - a +6 ring of dexterity (left hand)
 m - a ring of ice
 u - a +6 ring of strength (right hand)
 w - a ring of fire
 y - a +6 ring of dexterity
Wands
 s - a wand of iceblast (2)
 F - a wand of polymorph (3)
Scrolls
 f - a scroll of silence {unknown}
 g - 3 scrolls of noise {unknown}
 h - a scroll of enchant armour {unknown}
 j - a scroll of fog {unknown}
 k - 3 scrolls of amnesia {unknown}
 l - a scroll of poison {unknown}
 r - 2 scrolls of magic mapping {unknown}
 x - a scroll of vulnerability {unknown}
 G - 2 scrolls of fear
 I - a scroll of teleportation
Potions
 d - a potion of magic
 n - 3 potions of flight {unknown}
 o - a potion of haste
 p - a potion of attraction
 t - 4 potions of lignification {unknown}
 v - a potion of might {unknown}
 z - 2 potions of ambrosia {unknown}
 B - 2 potions of brilliance {unknown}
 C - 2 potions of curing {unknown}
 E - a potion of berserk rage {unknown}


   Skills:
 - Level 4.0 Fighting
 - Level 2.1 Dodging
 - Level 3.0 Stealth
 + Level 9.1 Unarmed Combat
 - Level 3.0 Spellcasting
 - Level 0.6 Conjurations
 - Level 1.0 Summonings
 - Level 0.7 Translocations


You had 12 spell levels left.
You knew the following spells:

 Your Spells              Type           Power      Damage    Failure   Level
a - Magic Dart            Conj           16%        1d3       26%         1

Your spell library contained the following spells:

 Spells                   Type           Power      Damage    Failure   Level
 Slow                     Hex            8%         N/A       32%         1
 Call Imp                 Summ           10%        N/A       32%         2
 Blink                    Tloc           10%        N/A       36%         2
 Lesser Beckoning         Tloc           10%        N/A       36%         2
 Momentum Strike          Conj/Tloc      8%         3d8       36%         2
 Cigotuvi's Dreadful Rot  Necr/Pois/Air  4%         N/A       43%         2
 Mephitic Cloud           Conj/Pois/Air  3%         N/A       65%         3
 Ozocubu's Armour         Ice            2%         N/A       67%         3
 Ozocubu's Refrigeration  Ice            1%         4d7       100%        7


Dungeon Overview and Level Annotations

Branches:
Dungeon (6/15)             Temple (1/1) D:4

Altars:
Ashenzari
Dithmenos
Fedhas
Gozag
Hepliaklqana
Makhleb
Okawaru
Qazlal
Sif Muna
Vehumet
Xom
Yredelemnul

Shops:
D:4 [   D:5 ?   D:6 ?!?

Annotations:
D:6 Menkaure


Innate Abilities, Weirdness & Mutations

Your natural rate of healing is accelerated.
You have razor-sharp teeth.
You have supernaturally acute eyesight. (SInv)
You are afflicted with vampirism and can become a bat while bloodless.


Message History

Menkaure shouts!
You start waiting.
Menkaure is nearby!
Menkaure calls on the powers of darkness!
Your body is wracked with pain!
Menkaure casts a spell.
Menkaure seems to speed up.
Menkaure murmurs in an indecipherable tongue.
Menkaure misses you.
You hit Menkaure but do no damage. You bite Menkaure, but do no damage.
Menkaure hits you!
You are too injured to fight recklessly!
You are too injured to fight recklessly!
You are too injured to fight recklessly!
You are too injured to fight recklessly!
You are too injured to fight recklessly!
Aiming: Iceblast
Press: ? - help, Shift-Dir - straight line The mass of ice explodes!
The iceblast engulfs Menkaure!
Menkaure partially resists.
Menkaure is moderately damaged.
Menkaure hits you.
Unknown command.
Unknown command.
Aiming: Iceblast
Press: ? - help, Shift-Dir - straight line The mass of ice explodes!
The iceblast engulfs Menkaure.
Menkaure partially resists.
Menkaure is heavily damaged.
Menkaure calls on the powers of darkness!
Your body is wracked with pain!
* * * LOW HITPOINT WARNING * * *
Unknown command.
Aiming: Iceblast
Press: ? - help, Shift-Dir - straight line The mass of ice explodes!
The iceblast engulfs Menkaure!
Menkaure partially resists.
Menkaure is almost destroyed.
Menkaure misses you. Menkaure hits you!
You die...

##### ##...############
#...............#
##.#....≈........#
##).....≈≈≈...≈...#
##..##...≈≈≈##.#≈..#
#######..###.@≈≈#≈≈≈≈≈≈..#
........## #..M.#≈⌠.≈≈≈≈.#
........# #.≈..#≈>_≈≈≈≈≈#
........####..≈.≈≈≈≈≈#≈..#
........#>.....≈##≈##≈...#
........##......≈≈≈≈...≈.#
........####......≈......#
.............≈...........####
#####.....###......###......#


You could see Menkaure (fast).

Vanquished Creatures
  An ice beast (D:5)
  A black bear (D:5)
  An ogre (D:5)
  A centaur (D:5)
  A kobold brigand (D:6)
  3 scorpions
  A howler monkey (D:5)
  4 hounds
  Crazy Yiuf (D:2)
  2 jellies
  Terence (D:2)
  3 iguanas
  An orc wizard (D:3)
  6 adders
  A shadow imp (D:6)
  A dart slug (D:1)
  A worm (D:2)
  8 orcs
  7 ball pythons
  4 endoplasms
  2 giant cockroaches
  2 goblins
  6 hobgoblins
  7 jackals
  11 kobolds
  A quokka (D:3)
  A bat (D:3)
  4 rats
83 creatures vanquished.

Notes
Turn   | Place    | Note
-------+----------+-------------------------------------------
     0 | D:1      | SnakkuSnakku7 the Vampire Hedge Wizard began the quest for
                  | the Orb.
     0 | D:1      | Reached XP level 1. HP: 13/13 MP: 4/4
   295 | D:1      | Reached skill level 1 in Unarmed Combat
   374 | D:1      | Found a faded altar of an unknown god.
   393 | D:1      | Reached skill level 1 in Fighting
   393 | D:1      | Reached XP level 2. HP: 20/21 MP: 6/6
   669 | D:2      | Noticed Terence
  1034 | D:2      | Found a runed translucent door.
  1035 | D:2      | Noticed Crazy Yiuf
  1263 | D:3      | Reached skill level 2 in Unarmed Combat
  1263 | D:3      | Gained mutation: You are afflicted with vampirism and can
                  | become a bat while bloodless. [Vampire growth]
  1263 | D:3      | Reached XP level 3. HP: 26/26 MP: 7/7
  1303 | D:3      | Noticed a scorpion
  1523 | D:3      | Reached XP level 4. HP: 12/33 MP: 8/8
  1626 | D:3      | Reached skill level 3 in Unarmed Combat
  1646 | D:3      | Killed a scorpion
  1647 | D:3      | Reached XP level 5. HP: 40/40 MP: 9/9
  1664 | D:3      | You fall into a shaft and drop 2 floors!
  1664 | D:5      | Entered Level 5 of the Dungeon
  1739 | D:4      | Reached skill level 4 in Unarmed Combat
  1810 | D:4      | Found an opulent altar of Gozag.
  1855 | D:4      | Found Eniyhur's Armour Shop.
  1880 | D:4      | Bought a +0 pair of gloves for 58 gold pieces
  1898 | D:4      | Reached XP level 6. HP: 46/47 MP: 10/10
  1992 | D:4      | Found a staircase to the Ecumenical Temple.
  2001 | Temple   | Entered the Ecumenical Temple
  2288 | D:2      | Killed Terence
  2454 | D:4      | Reached skill level 5 in Unarmed Combat
  2860 | D:2      | HP: 2/44 [Crazy Yiuf/+3 quarterstaff of chaos (6)]
  2861 | D:2      | Killed Crazy Yiuf
  2984 | D:5      | Noticed an ice beast
  3008 | D:5      | Killed an ice beast
  3009 | D:5      | Reached skill level 6 in Unarmed Combat
  3009 | D:5      | Reached XP level 7. HP: 28/54 MP: 11/11
  3121 | D:5      | Reached skill level 7 in Unarmed Combat
  3360 | D:5      | Reached skill level 8 in Unarmed Combat
  3475 | D:5      | Found Fuite's Magic Scroll Boutique.
  3480 | D:5      | Bought a scroll of identify for 22 gold pieces
  3480 | D:5      | Bought a scroll of fear for 44 gold pieces
  3480 | D:5      | Bought a scroll of teleportation for 33 gold pieces
  3513 | D:6      | Noticed Menkaure
  3513 | D:6      | Found Ciuk's Magic Scroll Shoppe.
  3513 | D:6      | Found Sawuas's Distillery.
  3513 | D:6      | Found Unyisyd's Magic Scroll Shoppe.
  3575 | D:6      | Found a shimmering altar of Xom.
  3597 | D:6      | Reached XP level 8. HP: 48/60 MP: 12/12
  3644 | D:6      | Reached skill level 9 in Unarmed Combat
  3651 | D:6      | Found a stormy altar of Qazlal.
  3715 | D:6      | Slain by Menkaure

Illustrated notes

Levels and vault maps discovered:
D:1:      minmay_arrival_widening_spiral_wide, layout_basic,
          dreamdust_ecumenical_altar_angels_and_demons, bh_walls_and_bars
D:2:      layout_basic, uniq_crazy_yiuf_cottage, uniq_terence
D:3:      layout_rooms
D:4:      layout_gridville, mainiacjoe_overflow_alcove_2,
          minmay_temple_entry_overgrown, kennysheep_diamond
D:5:      layout_basic, serial_shops, nicolae_shop_peninsula,
          kennysheep_generic_room_8
D:6:      layout_basic, mainiacjoe_overflow_boulevard,
          nicolae_qazlal_general_emergency, xom_teletrap_fun, marbit_many_paths,
          nicolae_uskayaw_suspiria, nicolae_shop_distant_corner_stores,
          uniq_menkaure
Temple:   jpeg_temple_alley_garden

Skill      XL: |  1  2  3  4  5  6  7  8 |
---------------+-------------------------+-----
Unarmed Combat | 1 2 3 4 6 8 9 |  9.1
Fighting       | 1 2 3 4 |  4.0
Dodging        | |  2.1
Stealth        | |  3.0
Spellcasting   | |  3.0
Conjurations   | |  0.6
Summonings     | |  1.0
Translocations | |  0.7

Action                     |  1- 3 |  4- 6 |  7- 9 || total
---------------------------+-------+-------+-------++-------
  Melee: Dagger            |    79 |       |       ||    79
         Bite              |    19 |    20 |    11 ||    50
         Punch             |     3 |     2 |     3 ||     8
         Unarmed           |    62 |   140 |    97 ||   299
  Evoke: Wand              |       |     7 |     5 ||    12
    Use: Scroll            |     2 |       |     1 ||     3
   Stab: Sleeping          |     4 |     4 |     1 ||     9
         Distracted        |       |     1 |       ||     1
 Armour: Ring mail         |    59 |    27 |    56 ||   142
  Dodge: Dodged            |    66 |    59 |    60 ||   185
